 Dungeon Crawl Stone Soup version 0.30-a0-137-gd8773701ce (webtiles) character file.

Game seed: 6388709860148149610

4450 Gargoyl the Cleaver (level 10, -7/63 HPs)
             Began as a Gargoyle Berserker on Sept 23, 2022.
             Was a Believer of Trog.
             Shot with a bolt by an orc warrior (11 damage)
             ... on level 8 of the Dungeon.
             The game lasted 00:09:40 (6277 turns).

Gargoyl the Cleaver (Gargoyle Berserker)            Turns: 6277, Time: 00:09:41

Health: -7/63      AC: 23    Str: 28    XL:     10   Next: 37%
Magic:  3/3        EV: 10    Int:  7    God:    Trog [**....]
Gold:   145        SH:  0    Dex: 15    Spells: 9/9 levels left

rFire   + . .      SeeInvis .    w - +0 great sword "Itziss" {antimagic, rElec Will+ Dex+2}
rCold   . . .      Faith    .    (shield currently unavailable)
rNeg    + . .      Spirit   .    d - +0 chain mail
rPois   ∞          Reflect  .    n - +2 helmet
rElec   +          Harm     .    i - +1 cloak {rCorr}
rCorr   +          Rampage  .    (no gloves)
Will    +++..      Rnd*Tele +    (no boots)
Stlth   ..........               (no amulet)
HPRegen 1.20/turn                e - ring of resist corrosion
MPRegen 0.08/turn                h - +6 ring of strength

@: strong-willed, regenerating
A: sickness immunity, AC +7, negative energy resistance 1, electricity
resistance, torment resistance 1, petrification resistance, fire resistance 1,
teleportitis 1, wild magic 1
a: Renounce Religion, Berserk, Trog's Hand


You were on level 8 of the Dungeon.
You worshipped Trog.
Trog was pleased with you.
You visited 1 branch of the dungeon, and saw 8 of its levels.

You collected 524 gold pieces.
You spent 379 gold pieces at shops.

Inventory:

Hand Weapons
 a - a +0 hand axe
 j - a +0 war axe
 w - the +0 great sword "Itziss" (weapon) {antimagic, rElec Will+ Dex+2}
   (You bought it in a shop on level 8 of the Dungeon)

   It reduces the magical energy of the wielder, and disrupts the spells and
   magical abilities of those it strikes.
   Natural abilities and divine invocations are not affected.
   Dex:       It affects your dexterity (+2).
   rElec:     It insulates you from electricity.
   Will:      It increases your willpower.
Missiles
 p - a throwing net (quivered)
Armour
 d - a +0 chain mail (worn)
 i - a +1 cloak of preservation (worn)
 n - a +2 helmet (worn)
Jewellery
 e - a ring of resist corrosion (left hand)
 h - a +6 ring of strength (right hand)
Wands
 y - a wand of paralysis (14)
Scrolls
 l - a scroll of blinking
 m - a scroll of teleportation
 r - a scroll of magic mapping
 v - 2 scrolls of identify
 z - a scroll of summoning {unknown}
Potions
 b - 4 potions of curing
 c - 2 potions of haste
 f - 3 potions of flight
 g - a potion of cancellation
 k - a potion of degeneration {unknown}
 o - a potion of attraction {unknown}
 q - 2 potions of lignification
 s - a potion of brilliance {unknown}
 t - 2 potions of magic {unknown}
 u - 2 potions of might {unknown}
 x - a potion of invisibility {unknown}


   Skills:
 + Level 7.2 Fighting
 + Level 1.3 Long Blades
 + Level 10.5 Axes
 + Level 0.4 Throwing
 + Level 7.7 Armour
 + Level 2.7 Dodging
 + Level 2.5 Stealth


You had 9 spell levels left.
You didn't know any spells.
Your spell library was empty.

Dungeon Overview and Level Annotations

Branches:
Dungeon (8/15)             Temple (0/1) D:5
   Lair: D:8-11

Altars:
Makhleb
Yredelemnul

Shops:
D:8 (

Annotations:
D:8 Grum, Joseph


Innate Abilities, Weirdness & Mutations

You are immune to sickness and miasma.
Your stone body is resilient. (AC +7)
You are immune to poison.
You resist negative energy. (rN+)
You are resistant to electric shocks. (rElec)
You are resistant to unholy torment.
You are immune to petrification.
Your flesh is heat resistant. (rF+)
You are occasionally teleported next to monsters.
Your spells are a little harder to cast, but a little more powerful.


Message History

The orc shouts! x2
The orc warrior hits you with a +0 war axe!
The orc shouts!
You hit the orc warrior.
The orc warrior is severely wounded.
The orc warrior hits you with a +0 war axe.
The orc closely misses you.
The orc warrior hits you but does no damage.
You hit the orc warrior but do no damage.
The orc warrior is severely wounded.
The orc misses you. The orc warrior closely misses you.
The orc hits you but does no damage. The orc warrior closely misses you.
You hit the orc warrior but do no damage.
The orc warrior is severely wounded.
The orc closely misses you. The orc hits you but does no damage.
The orc warrior hits you but does no damage.
The orc closely misses you. The orc hits you with a +0 hand axe.
The orc hits you with a +1 flail of protection.
Unknown command.
You slash the orc!
You kill the orc!
Trog accepts your kill.
The orc warrior hits you with a +0 war axe!
The orc completely misses you. The orc barely misses you.
The orc warrior hits you with a +0 war axe!
* * * LOW HITPOINT WARNING * * *
The orc warrior attacks as you move away!
The orc warrior hits you but does no damage.
The orc completely misses you. The orc hits you but does no damage.
The orc warrior unwields a +0 war axe.
The orc warrior wields a +0 arbalest.
The orc warrior shoots a bolt.
The bolt hits you!
* * * LOW HITPOINT WARNING * * *
Things that are here:
a +1 flail of protection; a +0 hand axe; a +0 robe Your skin crawls.
You feel strong-willed. The orc hits you with a +0 flail.
* * * LOW HITPOINT WARNING * * *
The orc barely misses you.
The orc warrior shoots a bolt.
The bolt hits you!
You die...

.........# ...#
#.##.....# #..# ###
..##....###..# ##..
..####...##..# ##... #.#
##..##..## #.#.. #.#
##..#...# ##.... #.###
##......####...##
#...###).......##....##
##...o.@)..........###..
#.####oo......####.#####
##.# ###....### #..# #
##.## ##...# #..# #
#...##### ##.## ##.## #
##......####.# #..###
#...........# ##....
#..##.......## #....
.##..##........### #....


You could see an orc warrior and 2 orcs.

Vanquished Creatures
  Maurice (D:7)
  7 yaks
  A steam dragon (D:7)
  An orc warrior (D:7)
  3 ice beasts (D:6)
  4 black bears
  A sky beast (D:7)
  3 ogres
  A centaur (D:7)
  2 phantoms
  A kobold brigand (D:6)
  A gnoll sergeant (D:5)
  3 bullfrogs
  3 scorpions
  A necrophage (D:6)
  8 wights
  A killer bee (D:6)
  2 howler monkeys (D:7)
  3 hounds (D:6)
  3 orc priests
  2 jellies
  A gnoll bouda (D:7)
  Terence (D:2)
  4 iguanas
  4 orc wizards
  3 adders
  7 gnolls
  3 shadow imps
  A white imp (D:5)
  3 ufetubi
  4 worms
  2 dart slugs (D:1)
  15 orcs
  8 ball pythons
  3 bats
  6 endoplasms
  8 giant cockroaches
  5 goblins
  7 hobgoblins
  2 jackals (D:1)
  3 quokkas
  4 frilled lizards
  6 kobolds
  2 rats (D:2)
  A spectral orc (D:4)
155 creatures vanquished.

Vanquished Creatures (others)
  A plant (D:6)
1 creature vanquished.

Grand Total: 156 creatures vanquished

Notes
Turn   | Place    | Note
-------+----------+-------------------------------------------
     0 | D:1      | Gargoyl the Gargoyle Berserker began the quest for the Orb.
     0 | D:1      | Reached XP level 1. HP: 14/14 MP: 1/1
   127 | D:1      | Reached XP level 2. HP: 19/19 MP: 2/2
   137 | D:1      | Reached skill level 3 in Axes
   593 | D:1      | Reached XP level 3. HP: 24/24 MP: 3/3
   627 | D:1      | Reached ** piety under Trog
  1121 | D:2      | Noticed Terence
  1130 | D:2      | Killed Terence
  1131 | D:2      | Reached XP level 4. HP: 14/29 MP: 4/4
  1613 | D:3      | Reached skill level 4 in Axes
  1960 | D:3      | Reached XP level 5. HP: 28/33 MP: 5/5
  2097 | D:4      | Noticed an ogre
  2105 | D:4      | Killed an ogre
  2245 | D:4      | Identified the +0 leather armour of the Realm of Zot {rC++
                  | rN+ rCorr Int-5}
  2267 | D:4      | Reached XP level 6. HP: 39/39 MP: 6/6
  2326 | D:4      | Reached skill level 5 in Axes
  2360 | D:4      | Found a basalt altar of Yredelemnul.
  2499 | D:4      | Reached XP level 7. HP: 39/44 MP: 7/7
  2650 | D:4      | Found a burning altar of Makhleb.
  2777 | D:5      | Entered Level 5 of the Dungeon
  2801 | D:5      | Found a staircase to the Ecumenical Temple.
  2842 | D:5      | Reached skill level 5 in Fighting
  2843 | D:5      | Reached skill level 6 in Axes
  3371 | D:6      | Reached XP level 8. HP: 45/49 MP: 8/8
  3598 | D:6      | Reached skill level 7 in Axes
  3738 | D:6      | Reached skill level 5 in Armour
  3815 | D:6      | Reached skill level 8 in Axes
  3816 | D:6      | Reached XP level 9. HP: 30/55 MP: 9/9
  4138 | D:6      | Gained mutation: You are weak. (Str -2) [potion of
                  | mutation]
  4138 | D:6      | Gained mutation: You are occasionally teleported next to
                  | monsters. [potion of mutation]
  4138 | D:6      | Gained mutation: Your body sometimes deteriorates upon
                  | taking damage. [potion of mutation]
  4139 | D:6      | Lost mutation: Your body sometimes deteriorates upon taking
                  | damage. [potion of mutation]
  4139 | D:6      | Lost mutation: You are weak. (Str -2) [potion of mutation]
  4139 | D:6      | Gained mutation: Your flesh is heat resistant. (rF+)
                  | [potion of mutation]
  4139 | D:6      | Gained mutation: Your spells are a little harder to cast,
                  | but a little more powerful. [potion of mutation]
  4526 | D:7      | Reached skill level 1 in Stealth
  4655 | D:7      | Reached skill level 9 in Axes
  5095 | D:8      | Noticed Maurice
  5273 | D:7      | Reached XP level 10. HP: 63/63 MP: 10/10
  5549 | D:7      | Killed Maurice
  5550 | D:7      | Reached skill level 10 in Axes
  5658 | D:8      | Found Uroat's Antique Weapon Emporium.
  5661 | D:8      | Bought a pitted great sword for 379 gold pieces
  5661 | D:8      | Identified the +0 great sword "Itziss" {antimagic, rElec
                  | Will+ Dex+2} (You bought it in a shop on level 8 of the
                  | Dungeon)
  6017 | D:8      | Noticed Grum
  6022 | D:8      | Noticed Joseph
  6148 | D:8      | Reached skill level 1 in Long Blades
  6277 | D:8      | Shot with a bolt by an orc warrior

Illustrated notes

Levels and vault maps discovered:
D:1:      eino_arrival_druids_welcome, layout_loops_ring,
          hangedman_decor_clover_reticule, grunt_decor_mini_mirrors
D:2:      layout_rooms, uniq_terence
D:3:      layout_rooms, serial_glass, glass_columns_a, glass_columns_c,
          glass_columns_c, glass_columns_b, glass_columns_a
D:4:      layout_basic, mainiacjoe_overflow_concentric_impassable,
          yredelemnul_forgotten_temple_becter
D:5:      layout_cave_pools, minmay_temple_entry_crystal_x
D:6:      layout_cave_pools, minmay_parallelograms, serial_bayou_pond_b
D:7:      layout_rooms
D:8:      layout_layer_cave, serial_shops, nicolae_shop_trees, uniq_grum,
          uniq_maurice, uniq_joseph

Skill      XL: |  1  2  3  4  5  6  7  8  9 10 |
---------------+-------------------------------+-----
Axes           | 3 4 5 6 8 9 10 | 10.5
Fighting       | 4 5 6 7 |  7.2
Armour         | 3 4 6 7 |  7.7
Dodging        | 2 |  2.7
Stealth        | 2 |  2.5
Long Blades    | 1 |  1.3
Throwing       | |  0.4

Action                   |  1- 3 |  4- 6 |  7- 9 | 10-12 || total
-------------------------+-------+-------+-------+-------++-------
Melee: Hand axe          |   111 |   106 |       |       ||   217
       Punch             |     1 |     2 |     2 |       ||     5
       War axe           |       |    44 |   225 |    31 ||   300
       Great sword       |       |       |       |    27 ||    27
Throw: Throwing net      |       |     1 |     2 |     1 ||     4
Invok: Trog's Hand       |       |     2 |    11 |     6 ||    19
       Berserk           |       |     2 |     9 |     3 ||    14
  Use: Scroll            |     4 |     4 |    10 |     1 ||    19
       Potion            |       |       |     3 |     2 ||     5
 Stab: Held in net/web   |       |     1 |       |       ||     1
Armor: Chain mail        |    68 |    85 |   275 |    44 ||   472
       Skin              |       |       |       |    12 ||    12
Dodge: Dodged            |    58 |    67 |   157 |    39 ||   321

Table legend: (Time is in decaauts)
 A = Elapsed time spent in this place.
 B = Non-inter-level travel time spent in this place.
 C = Inter-level travel time spent in this place.
 D = Time resting spent in this place.
 E = Time spent auto-exploring this place.
 F = Levels seen in this place.
 G = Mean time per level.
                   A        B        C        D        E       F      G
               +--------+--------+--------+--------+--------+-----+--------+
         Total |   6503 |   6375 |    128 |    378 |   4491 |   8 |  812.9 |
       Dungeon |   6503 |   6375 |    128 |    378 |   4491 |   8 |  812.9 |
               +--------+--------+--------+--------+--------+-----+--------+

Top non-repeatable levels by time:
     D:6: 1252 daAuts
     D:7: 1045 daAuts
     D:1: 896 daAuts
     D:4: 774 daAuts
     D:8: 772 daAuts
     D:2: 721 daAuts
     D:5: 574 daAuts
     D:3: 466 daAuts
